Map: Blackpink LE

Players

Solar

  • Race: Zerg Zerg
  • Spawn Location: 7:00

Zest - Winner!

  • Race: Protoss Protoss
  • League: Master
  • Spawn Location: 1:00

Event: HomeStory Cup XVI

VOD

Have the link to the VOD?

Description

Time

  • Played on: Nov. 12, 2017, 3:32 p.m.
  • Length: 9:41

All games in this series

Show
View Real Time Build Order
Export as new Build Order

Solar Zerg 

Build Orders: Hatch First 

Get SALT Encoding   

  12  0:01  Drone  
  13  0:12  Overlord  
  13  0:17  Drone  
  14  0:30  Drone x2  
  16  0:48  Hatchery  
  15  0:50  Drone  
  15  0:56  Drone  
  17  0:58  Drone  
  18  1:04  Extractor  
  17  1:14  Spawning Pool  
  17  1:17  Drone  
  17  1:20  Drone  
  18  1:27  Drone  
  19  1:38  Drone  
  20  1:49  Overlord  
  20  2:02  Queen x2, Zergling x2  
  20  2:04  Drone  
  20  2:06  Metabolic Boost  
  26  2:11  Drone  
  26  2:13  Drone  
  28  2:21  Drone  
  29  2:35  Hatchery  
  28  2:37  Zergling x2  
  28  2:40  Drone  
  30  2:47  Pneumatized Carapace  
  30  2:48  Drone  
  30  2:50  Zergling x2  
  32  2:56  Zergling x2  
  33  2:58  Overlord  
  33  3:01  Zergling x2  
  33  3:05  Drone  
  35  3:06  Drone  
  34  3:20  Queen  
  34  3:22  Spore Crawler, Drone  
  34  3:24  Drone  
  37  3:27  Drone  
  37  3:31  Drone  
  39  3:36  Spore Crawler  
  39  3:39  Drone x2  
  37  3:44  Drone  
  37  3:47  Drone  
  37  3:50  Drone  
  37  3:51  Drone  
  39  3:57  Drone x2  
  39  4:00  Drone  
  42  4:03  Drone  
  42  4:06  Spore Crawler  
  42  4:09  Drone  
  44  4:10  Drone  
  40  4:17  Drone  
  40  4:18  Drone  
  40  4:19  Drone x2  
  40  4:21  Drone x2  
  45  4:24  Drone  
  45  4:27  Drone  
  45  4:30  Drone x2  
  49  4:33  Overlord  
  49  4:41  Drone  
  49  4:45  Overlord  
  50  4:48  Evolution Chamber  
  50  4:49  Overlord  
  50  4:51  Queen, Drone  
  50  4:52  Drone  
  52  4:53  Drone  
  52  4:55  Drone  
  52  4:57  Drone x2  
  56  5:00  Overlord  
  56  5:04  Drone x2  
  56  5:05  Drone  
  59  5:12  Extractor, Roach Warren  
  54  5:15  Drone  
  54  5:19  Drone x2, Zerg Melee Weapons Level 1  
  54  5:21  Drone, Zergling x4  
  58  5:25  Drone x2  
  58  5:26  Drone  
  62  5:29  Overlord  
  62  5:32  Zergling x4  
  64  5:36  Drone x2  
  64  5:37  Extractor  
  64  5:39  Zergling x2  
  66  5:45  Zergling x2  
  66  5:46  Queen, Zergling x4  
  71  5:52  Roach  
  71  5:54  Roach x4  
  81  5:57  Overlord  
  81  6:00  Roach, Zergling x2  
  81  6:02  Roach  
  84  6:04  Zergling x2  
  84  6:08  Roach  
  84  6:10  Roach  
  86  6:12  Overlord  
  86  6:16  Roach  
  88  6:24  Zergling x12  
  86  6:28  Zergling x2  
  86  6:31  Zergling x4  
  86  6:34  Zergling x2  
  86  6:35  Zergling x2  
  84  6:41  Lair  
  84  6:47  Drone x2  
  84  6:48  Drone x2  
  84  6:49  Drone x2  
  90  6:55  Overlord  
  90  6:56  Drone  
  90  6:57  Extractor  
  90  6:59  Drone  
  90  7:00  Drone  
  92  7:05  Drone  
  93  7:08  Drone  
  93  7:11  Overlord  
  93  7:15  Drone  
  93  7:16  Drone x2  
  93  7:19  Overlord  
  93  7:23  Drone x2  
  93  7:26  Drone x5  
  99  7:36  Extractor, Baneling Nest  
  96  7:38  Drone  
  96  7:40  Zergling x10  
  102  7:45  Overseer  
  102  7:46  Zergling x4  
  102  7:49  Ravager, Overlord  
  102  7:50  Ravager x2  
  107  7:52  Zergling x6  
  107  7:57  Overlord  
  110  7:59  Hatchery  
  110  8:00  Infestation Pit  
  110  8:01  Zergling x4  
  110  8:04  Roach x3  
  110  8:05  Roach  
  117  8:09  Zergling x6  
  117  8:11  Ravager, Overlord  
  122  8:13  Roach  
  122  8:18  Roach  
  123  8:20  Baneling x6  
  123  8:21  Baneling x2  
  123  8:23  Roach  
  123  8:24  Zergling x8  
  127  8:27  Overlord  
  127  8:28  Baneling x3  
  127  8:31  Baneling x2  
  127  8:33  Zergling x6  
  130  8:36  Zergling x2  
  130  8:37  Zergling x2  
  130  8:38  Baneling  
  128  8:43  Zergling x2  
  128  8:45  Zergling x2  
  128  8:46  Zergling x6  
  119  8:49  Roach  
  119  8:51  Baneling  
  119  8:52  Baneling x3  
  112  8:57  Zergling x10  
  101  9:03  Roach x4  
  101  9:07  Roach  
  105  9:10  Roach  
  105  9:13  Roach x2  
  105  9:23  Zergling x6  
  87  9:24  Baneling x2  
Show
View Real Time Build Order
Export as new Build Order

Zest Protoss - Winner!

Build Orders: 1 Gate Expand, Oracle Opening, Zealot Archon, Archon Drop 

Get SALT Encoding   

  12  0:02  Probe (Chrono Boost)  
  14  0:14  Probe (Chrono Boost)  
  14  0:18  Pylon  
  14  0:26  Probe (Chrono Boost)  
  15  0:32  Probe (Chrono Boost)  
  15  0:40  Probe (Chrono Boost)  
  15  0:41  Gateway  
  16  0:47  Assimilator  
  17  0:53  Probe (Chrono Boost)  
  19  1:05  Probe (Chrono Boost)  
  19  1:17  Probe (Chrono Boost)  
  20  1:24  Nexus  
  20  1:33  Cybernetics Core  
  20  1:37  Probe (Chrono Boost)  
  21  1:41  Assimilator  
  21  1:50  Probe (Chrono Boost)  
  21  1:52  Pylon  
  22  2:01  Adept  
  23  2:02  Probe (Chrono Boost)  
  23  2:14  Probe (Chrono Boost), Stargate  
  26  2:18  Adept  
  26  2:22  Warp Gate  
  26  2:27  Probe (Chrono Boost)  
  30  2:38  Probe (Chrono Boost)  
  30  2:39  Probe (Chrono Boost)  
  31  2:47  Oracle  
  31  2:50  Probe (Chrono Boost)  
  31  2:51  Probe (Chrono Boost)  
  33  2:55  Pylon  
  36  3:02  Probe (Chrono Boost)  
  36  3:03  Probe (Chrono Boost)  
  38  3:05  Adept  
  40  3:13  Oracle  
  40  3:14  Probe (Chrono Boost)  
  40  3:15  Probe (Chrono Boost)  
  42  3:26  Probe (Chrono Boost)  
  42  3:30  Probe (Chrono Boost)  
  42  3:33  Gateway  
  43  3:38  Probe (Chrono Boost)  
  45  3:42  Probe (Chrono Boost)  
  44  3:51  Probe (Chrono Boost)  
  44  3:52  Twilight Council  
  44  3:54  Probe (Chrono Boost)  
  46  3:56  Pylon  
  46  3:59  Pylon  
  47  4:03  Assimilator, Probe (Chrono Boost)  
  47  4:05  Assimilator  
  47  4:09  Robotics Facility  
  47  4:16  Probe x2 (Chrono Boost)  
  49  4:28  Probe x2 (Chrono Boost)  
  49  4:31  Gateway  
  51  4:32  Gateway  
  51  4:36  Templar Archives  
  51  4:38  Warp Prism  
  51  4:40  Probe x2 (Chrono Boost), Pylon  
  51  4:42  Adept  
  51  4:43  Adept  
  57  4:56  Pylon  
  59  5:17  Nexus  
  59  5:23  Pylon  
  59  5:24  Probe x2 (Chrono Boost)  
  59  5:25  Shield Battery x2  
  61  5:31  Forge  
  61  5:35  High Templar x4  
  69  5:38  Probe x2 (Chrono Boost), Pylon  
  69  5:39  Archon x2  
  71  5:46  Observer  
  74  5:50  Probe x2 (Chrono Boost)  
  74  5:52  Pylon  
  74  5:55  Charge  
  74  6:02  Probe x2 (Chrono Boost)  
  76  6:08  Zealot x2  
  76  6:09  Zealot x2  
  84  6:15  Protoss Ground Weapons Level 1  
  84  6:23  Probe x2 (Chrono Boost)  
  84  6:25  Photon Cannon  
  84  6:26  Immortal  
  84  6:27  Pylon  
  81  6:33  Probe (Chrono Boost)  
  81  6:35  Probe x2 (Chrono Boost)  
  80  6:44  Sentry x2  
  80  6:45  Probe (Chrono Boost), Sentry  
  93  6:47  Probe x2 (Chrono Boost)  
  93  6:55  Gateway  
  93  6:57  Gateway  
  93  6:59  Pylon  
  93  7:00  Pylon  
  93  7:01  Immortal  
  93  7:03  Probe x3 (Chrono Boost)  
  100  7:11  Pylon  
  100  7:19  Zealot x4  
  102  7:30  Immortal  
  102  7:40  Gateway x2  
  102  7:43  Gateway  
  106  7:47  Gateway  
  106  7:55  High Templar x4  
  114  8:00  Pylon  
  114  8:01  Archon x2  
  114  8:04  Assimilator  
  114  8:06  Assimilator  
  114  8:07  Photon Cannon  
  114  8:18  Probe (Chrono Boost)  
  114  8:19  Probe (Chrono Boost)  
  116  8:22  High Templar x2  
  116  8:25  Probe (Chrono Boost)  
  116  8:27  Pylon x2  
  121  8:28  Zealot x3, Nexus, Archon  
  121  8:29  Pylon  
  121  8:30  Pylon  
  121  8:31  Zealot, Probe x2 (Chrono Boost)  
  121  8:33  Pylon  
  117  8:53  Zealot x8  
  113  9:15  Zealot x8  
  105  9:26  Zealot x2  
Tags
 
Add a new tag
Caveats
  • Supply blocks, unpowered buildings, or Contaminate may cause inaccurate times.
  • Supply counts are checked every 10 seconds.